 Dungeon Crawl Stone Soup version 0.17-a0-1951-g62301d3 (webtiles) character file.

615 Shim the Skirmisher (level 7, -1/61 HPs)
             Began as a Hill Orc Abyssal Knight on Oct 2, 2015.
             Was a Priest of Lugonu.
             Slain by Edmund
             ... wielding a +3 flail of protection
              (2 damage)
             ... on level 5 of the Dungeon.
             The game lasted 00:51:22 (7606 turns).

Shim the Skirmisher (Hill Orc Abyssal Knight)       Turns: 7606, Time: 00:51:23

Health: -1/61      AC: 12    Str: 16    XL:     7   Next: 45%
Magic:  9/9        EV:  8    Int: 12    God:    Lugonu [***...]
Gold:   172        SH:  0    Dex: 11    Spells: 0 memorised, 6 levels left

rFire  . . .     SeeInvis .     f - +3 dagger
rCold  . . .     Clarity  .     J - +0 chain mail
rNeg   . . .     SustAt   .     (no shield)
rPois  .         Gourm    .     (no helmet)
rElec  .         Spirit   .     v - +0 cloak
rCorr  .         Warding  .     q - +0 pair of gloves
rMut   .         Stasis   .     (no boots)
MR     .....                    (no amulet)
Stlth  ..........               (no ring)
                                (no ring)

@: not resistant to hostile enchantments, extremely unstealthy
A: no striking features
a: Depart the Abyss, Bend Space, Banish, Renounce Religion


You were on level 5 of the Dungeon.
You worshipped Lugonu.
Lugonu was most pleased with you.
You were not hungry.

You visited 1 branch of the dungeon, and saw 5 of its levels.
You visited the Abyss 1 time.

You collected 172 gold pieces.

Inventory:

Hand weapons
 a - a +1 hand axe
 e - a +0 club
 f - a +3 dagger (weapon)
 l - a +0 club
 m - a +0 dagger
 o - a +0 whip
 p - a +0 club
 s - a +0 war axe
 D - a +0 hand axe
 E - a +0 falchion
 F - a +0 mace
 G - a cursed +0 spear
 I - a +0 trident
 K - a +1 dagger of speed
 L - a +0 war axe
Missiles
 g - 5 needles of sleeping
 h - 77 stones
 y - a tomahawk (quivered)
Armour
 b - a +0 leather armour
 d - a +0 robe
 i - a +0 ring mail
 k - a +0 ring mail
 q - a +0 pair of gloves (worn)
 u - a +1 ring mail of fire resistance
 v - a +0 cloak (worn)
 x - a +0 leather armour
 J - a +0 chain mail (worn)
Scrolls
 c - a scroll of remove curse
 z - 3 scrolls of identify
Potions
 n - a potion of lignification
 t - a potion of flight
 w - 3 potions of poison
 A - a potion of ambrosia {unknown}
Comestibles
 C - 2 meat rations


   Skills:
 + Level 5.5 Fighting
 + Level 5.1 Axes
 + Level 0.6 Throwing
 + Level 4.4 Armour
 + Level 3.3 Dodging
 + Level 0.5 Stealth
 + Level 3.5 Invocations


You had 6 spell levels left.
You didn't know any spells.

Dungeon Overview and Level Annotations

Branches:
Dungeon (5/15)
 Temple: D:4-7

Altars:
Makhleb
Nemelex Xobeh
Okawaru
Qazlal

Annotations:
D:5 Edmund


Message History

You hit Edmund but do no damage.
Edmund is moderately wounded.
Edmund hits you with a flail of protection.
* * * LOW HITPOINT WARNING * * *
You hit Edmund.
Edmund is heavily wounded.
Edmund hits you with a flail of protection.
* * * LOW HITPOINT WARNING * * *
You hit Edmund but do no damage.
Edmund is heavily wounded.
Edmund hits you with a flail of protection.
* * * LOW HITPOINT WARNING * * *
Your chain mail prevents you from hitting Edmund.
Edmund is heavily wounded.
Edmund hits you with a flail of protection.
* * * LOW HITPOINT WARNING * * *
You hit Edmund.
Edmund is heavily wounded.
Edmund hits you with a flail of protection.
You die...

####.## #..# ##.##
##.## #.## ##.# ##.##
##..# ############
##..#####.....@....##
##..###........@.....#
##...............)....#
......................#
.####..<..............#
## ##.................#
# #..................#
#
#..................##.
#
#...†..................


You could see Edmund.

Vanquished Creatures
  The ghost of Typee the Digger, an average GrEE (D:3)
  A scorpion (D:5)
  2 orc priests (D:4)
  A hound (D:5)
  2 orc wizards (D:4)
  A gnoll shaman (D:4)
  An iguana (D:5)
  2 worker ants (D:4)
  5 gnolls (D:4)
  6 adders
  An ooze (D:3)
  2 worms
  6 giant geckos
  9 orcs
  2 ball pythons
  8 bats
  A giant cockroach (D:1)
  7 goblins
  10 hobgoblins
  4 jackals (D:4)
  2 kobolds (D:1)
  2 quokkas
  16 giant newts
  9 rats
  3 plants (D:1)
104 creatures vanquished.

Vanquished Creatures (others)
  An orc wizard (D:4)
  A gnoll (D:4)
  An adder zombie (D:5)
  A hobgoblin (D:1)
4 creatures vanquished.

Grand Total: 108 creatures vanquished

Notes
Turn   | Place    | Note
--------------------------------------------------------------
     0 | Abyss:1  | Shim the Hill Orc Abyssal Knight began the quest for the Orb.
     0 | Abyss:1  | Reached XP level 1. HP: 19/19 MP: 2/2
    15 | D:1      | Escaped the Abyss
   261 | D:1      | Reached skill level 4 in Fighting
   283 | D:1      | Reached XP level 2. HP: 22/27 MP: 3/3
   318 | D:1      | Reached skill level 1 in Dodging
   863 | D:1      | Acquired Lugonu's second power
  1024 | D:1      | Reached XP level 3. HP: 31/34 MP: 4/4
  1923 | D:2      | Found a burning altar of Makhleb.
  2520 | D:2      | Reached XP level 4. HP: 19/41 MP: 5/5
  3533 | D:3      | Acquired Lugonu's third power
  3872 | D:3      | Noticed Typee's ghost (average GrEE)
  3906 | D:3      | Killed Typee's ghost
  3906 | D:3      | Reached XP level 5. HP: 12/47 MP: 6/6
  4215 | D:3      | Found a stormy altar of Qazlal.
  4576 | D:3      | Reached skill level 5 in Fighting
  4773 | D:3      | Found a sparkling altar of Nemelex Xobeh.
  5081 | D:4      | Reached XP level 6. HP: 23/56 MP: 6/8
  5320 | D:4      | Found an iron altar of Okawaru.
  6415 | D:4      | Reached XP level 7. HP: 43/61 MP: 7/9
  7225 | D:5      | Entered Level 5 of the Dungeon
  7479 | D:5      | Noticed Edmund
  7498 | D:5      | Reached skill level 5 in Axes
  7604 | D:5      | HP: 3/61 [Edmund/flail of protection (6)]
  7605 | D:5      | HP: 1/61 [Edmund/flail of protection (2)]
  7606 | D:5      | Slain by Edmund

Vault maps used:
D:1:      saegor_arrival_miasma, minmay_misc_feat_tiny, columned_hall_lemuel,
          minmay_lizard_king
D:2:      grunt_temple_overflow_magic_moments, overflow_temple_1_default
D:3:      lemuel_upstairs_altar, nemelex_xobeh_ov_fountains_minmay,
          nicolae_overflow_crystal_walls, minmay_bisected
D:4:      okawaru_ov_weapons_minmay, eino_tiny_chamber
D:5:      kennysheep_steamy, tso_altar, basic_altar, first_bread, uniq_edmund,
          uniq_menkaure

Action                   |  1- 3 |  4- 6 |  7- 9 || total
-------------------------+-------+-------+-------++-------
Melee: Hand axe          |   176 |   206 |       ||   382
       Dagger            |    47 |       |    21 ||    68
       War axe           |       |    43 |    50 ||    93
Throw: Stone             |     9 |       |       ||     9
       Tomahawk          |       |     3 |       ||     3
Invok: Bend Space        |     1 |     2 |       ||     3
       Banish            |       |     2 |     2 ||     4
  Use: Scroll            |     5 |     2 |     4 ||    11
       Potion            |     4 |     6 |     2 ||    12
  Eat: Bread ration      |     2 |       |       ||     2
       Chunk             |       |     3 |       ||     3
       Meat ration       |       |     1 |     1 ||     2
       Pizza             |       |     1 |       ||     1
